 Dungeon Crawl Stone Soup version 0.29-a0-802-g34511f41fd (webtiles) character file.

Game seed: 7481515113439586534

9978 xian the Slicer (level 11, -7/76 (81) HPs)
             Began as a Demonspawn Wanderer on July 1, 2022.
             Was an Initiate of Gozag.
             Succumbed to Sonja's poison
             ... on level 10 of the Dungeon on July 3, 2022.
             The game lasted 00:47:10 (14166 turns).

xian the Slicer (Demonspawn Wanderer)              Turns: 14166, Time: 00:47:11

HP:   -7/76 (81)    AC: 22    Str: 15    XL:     11   Next: 30%
MP:   16/16         EV: 10    Int: 11    God:    Gozag
Gold: 1696          SH: 16    Dex: 17    Spells: 10/10 levels left

rFire   + . .      SeeInvis +   w - +3 quick blade of Ugieno {protect, rC+}
rCold   . . .      Faith    .   i - +0 kite shield
rNeg    . . .      Spirit   .   c - +0 scale mail
rPois   .          Reflect  +   E - +0 helmet
rElec   .          Harm     .   J - +1 cloak
rCorr   .          Rampage  .   (no gloves)
Will    .....                   n - +0 pair of boots
Stlth   ++........              o - amulet of reflection
HPRegen 0.22/turn               t - ring of fire
MPRegen 0.30/turn               C - ring of see invisible

@: mighty, lethally poisoned (-7 -> -46), gold aura, under a protective aura,
drained
A: claws 1, slimy green scales 2, ignite blood 1, magic regeneration
a: Renounce Religion, Potion Petition, Call Merchant, Bribe Branch


You were on level 10 of the Dungeon.
You worshipped Gozag.
Gozag was most pleased with you.
You visited 3 branches of the dungeon, and saw 12 of its levels.

You collected 1780 gold pieces.
You paid 84 gold pieces to Gozag.

Inventory:

Hand Weapons
 w - the +3 quick blade of Ugieno (weapon) {protect, rC+}
   (You took it off a hobgoblin on level 3 of the Dungeon)

   It grants its wielder temporary protection when it strikes (+7 to AC).
   rC:        It protects you from cold.
 L - a +0 shortbow of flaming
Missiles
 a - a throwing net
 F - 2 javelins
 I - 44 poisoned darts (quivered)
Armour
 c - a +0 scale mail (worn)
 i - a +0 kite shield (worn)
 n - a +0 pair of boots (worn)
 E - a +0 helmet (worn)
 J - a +1 cloak (worn)
Jewellery
 o - an amulet of reflection (around neck)
 t - a ring of fire (left claw)
 C - a ring of see invisible (right claw)
 H - an amulet of regeneration
Wands
 b - a wand of charming (6)
 q - a wand of flame (23)
 v - a wand of digging (1)
 y - a wand of polymorph (9)
Scrolls
 d - 3 scrolls of fog
 f - a scroll of teleportation
 g - 2 scrolls of immolation
 j - a scroll of enchant weapon
 s - 3 scrolls of blinking
Potions
 e - a potion of heal wounds
 h - 4 potions of mutation
 k - a potion of magic
 l - 3 potions of curing
 m - 2 potions of resistance
 p - a potion of flight {unknown}
 r - 2 potions of brilliance
 x - a potion of attraction {unknown}
 z - a potion of might
 A - a potion of haste {unknown}
 B - a potion of cancellation {unknown}
 D - 2 potions of berserk rage


   Skills:
 + Level 5.9 Fighting
 + Level 8.7 Short Blades
 + Level 4.1 Maces & Flails
 + Level 2.0 Ranged Weapons
 + Level 1.2 Throwing
 + Level 6.1 Armour
 + Level 5.5 Dodging
 + Level 4.8 Stealth
 + Level 7.9 Shields
 + Level 7.5 Invocations
 + Level 5.9 Evocations


You had 10 spell levels left.
You didn't know any spells.
Your spell library contained the following spells:

 Spells                   Type           Power      Damage    Failure   Level
 Slow                     Hex            0%         N/A       97%         1
 Summon Small Mammal      Summ           0%         N/A       97%         1
 Poisonous Vapours        Pois/Air       0%         N/A       99%         2
 Sublimation of Blood     Necr           0%         N/A       99%         2
 Confusing Touch          Hex            0%         N/A       100%        3
 Ignite Poison            Fire/Tmut/Pois 0%         N/A       100%        3
 Mephitic Cloud           Conj/Pois/Air  0%         N/A       100%        3
 Vampiric Draining        Necr           0%         2d6       100%        3
 Petrify                  Tmut/Erth      0%         N/A       100%        4
 Freezing Cloud           Conj/Ice/Air   0%         6-21      100%        5
 Irradiate                Conj/Tmut      0%         3d13      100%        5
 Corpse Rot               Necr/Pois/Air  Unusable   N/A       N/A         4

Dungeon Overview and Level Annotations

Branches:
Dungeon (10/15)            Temple (1/1) D:6            Lair (0/6) D:10
    Orc (1/2) D:9

Altars:
Ashenzari
Cheibriados
Dithmenos
Fedhas
Gozag
Hepliaklqana
Kikubaaqudgha
Makhleb
Nemelex Xobeh
Okawaru
Qazlal
Ru
Sif Muna
Trog
Uskayaw
Vehumet
Wu Jian
Xom
Yredelemnul

Shops:
D:3 [   D:8 [


Innate Abilities, Weirdness & Mutations

You have sharp fingernails.
You are mostly covered in slimy green scales. (AC +3)
Your demonic aura sometimes causes spilled blood to erupt in flames.
You regenerate magic rapidly.


Message History

You feel sick.
Sonja throws a curare-tipped dart.
You reflect the curare-tipped dart off an invisible shield around you!
The curare-tipped dart hits Sonja.
Sonja looks even sicker.
Sonja convulses.
Sonja seems to be slow for longer.
You feel sick.
You feel sick.
You feel sick.
You feel sick.
You are no longer poisoned.
Sonja hits you but does no damage.
You are poisoned.
Sonja hits you but does no damage.
You are lethally poisoned!
Sonja hits you but does no damage.
You are more poisoned.
You miss Sonja.
Sonja is almost dead.
* * * LOW HITPOINT WARNING * * *
You feel very sick.
Sonja hits you with a +2 dagger of venom.
* * * LOW HITPOINT WARNING * * *
You are more poisoned.
Sonja hits you but does no damage.
You are more poisoned.
You block Sonja's attack.
You miss Sonja.
Sonja is almost dead.
* * * LOW HITPOINT WARNING * * *
You feel very sick.
You barely miss Sonja.
Sonja is almost dead.
* * * LOW HITPOINT WARNING * * *
You feel very sick.
You hit Sonja.
Your weapon exudes an aura of protection.
You kill Sonja!
* * * LOW HITPOINT WARNING * * *
You feel very sick.
You die...
Your body crumbles into a pile of gold.

#######.....≈≈.≈≈.....####
##≈≈≈≈≈≈≈≈≈≈≈≈≈≈≈≈≈≈≈≈#
#≈≈≈≈≈.≈^≈≈≈≈.≈≈.≈≈≈###
#≈##≈.≈..≈...≈≈≈≈..## #≈≈
##.≈≈≈...≈≈≈.≈..# ##
##...≈≈.≈...#.##
###.######...# #
#.######.###### ##
#.....@.......########.
########.####...!...#..
#.##########.#.⌠
###.##.....# #....
#......###.# ###.⌠
#.#.#### #.# #..
######.#.# #.######.
#........# #......##
#.####.### #########


There were no monsters in sight!

Vanquished Creatures
  Sonja (D:10)
  An unseen horror (D:10)
  Maggie (D:10)
  The ghost of hgbash the Trooper, a novice GrBe of Trog (D:4)
  A troll (D:8)
  A shadow (D:9)
  2 wraiths (D:9)
  3 wyverns
  15 yaks
  A steam dragon (D:8)
  Menkaure (D:6)
  2 wargs
  2 water moccasins
  An acid dragon (D:9)
  4 orc warriors
  2 ice beasts
  2 ogres
  4 centaurs
  4 phantoms
  3 kobold brigands
  2 gnoll sergeants
  4 bullfrogs
  2 scorpions
  2 troll zombies (D:9)
  6 wights
  16 killer bees
  5 howler monkeys
  A bullfrog zombie (D:4)
  7 hounds
  A gnoll bouda (D:7)
  5 orc priests
  A jelly (D:6)
  A centaur skeleton (D:4)
  Terence (D:2)
  4 iguanas
  10 orc wizards
  6 ogre zombies (D:9)
  14 gnolls
  7 adders
  A shadow imp (D:7)
  An ufetubus (D:6)
  A worm (D:3)
  2 dart slugs
  25 orcs
  10 endoplasms
  3 giant cockroaches
  8 goblins
  7 hobgoblins
  9 jackals
  3 quokkas
  7 ball pythons
  9 bats
  3 frilled lizards
  3 goblin skeletons (D:9)
  3 hobgoblin skeletons (D:9)
  5 hobgoblin zombies (D:9)
  23 kobolds
  4 orc skeletons (D:9)
  10 orc zombies (D:9)
  3 rats
287 creatures vanquished.

Vanquished Creatures (others)
  7 fungi (D:7)
  5 plants
12 creatures vanquished.

Grand Total: 299 creatures vanquished

Notes
Turn   | Place    | Note
-------+----------+-------------------------------------------
     0 | D:1      | xian the Demonspawn Wanderer began the quest for the Orb.
     0 | D:1      | xian set off with the following items: a +2 mace, a +0
                  | sling, a +0 scale mail, a scroll of fog.
     0 | D:1      | Reached XP level 1. HP: 15/15 MP: 1/1
   404 | D:1      | Gained mutation: Your demonic aura sometimes causes spilled
                  | blood to erupt in flames. [demonic ancestry]
   404 | D:1      | Reached XP level 2. HP: 21/21 MP: 2/2
  1143 | D:2      | Reached XP level 3. HP: 24/26 MP: 3/3
  1575 | D:2      | Noticed Terence
  1594 | D:2      | Killed Terence
  1595 | D:2      | Reached XP level 4. HP: 32/32 MP: 4/4
  1867 | D:2      | Reached skill level 1 in Shields
  2623 | D:3      | Identified the +3 quick blade of Ugieno {protect, rC+}
  2728 | D:3      | Found Baapledd's Antique Armour Shoppe.
  2849 | D:3      | Gained mutation: You regenerate magic rapidly. [demonic
                  | ancestry]
  2849 | D:3      | Reached XP level 5. HP: 36/37 MP: 5/5
  2868 | D:3      | Reached skill level 5 in Short Blades
  2868 | D:3      | Reached skill level 5 in Invocations
  2868 | D:3      | Gained mutation: You are partially covered in slimy green
                  | scales. (AC +2) [demonic ancestry]
  2868 | D:3      | Reached XP level 6. HP: 43/43 MP: 5/9
  2869 | D:3      | Reached skill level 7 in Short Blades
  2869 | D:3      | Reached skill level 5 in Evocations
  2869 | D:3      | Gained mutation: You are mostly covered in slimy green
                  | scales. (AC +3) [demonic ancestry]
  2869 | D:3      | Reached XP level 7. HP: 54/54 MP: 5/12
  3563 | D:4      | Found a runed translucent gate.
  3563 | D:4      | Found a runed translucent gate.
  3569 | D:4      | Found a runed translucent gate.
  3570 | D:4      | Noticed hgbash's ghost (novice GrBe)
  3670 | D:4      | Killed hgbash's ghost
  3671 | D:4      | Reached XP level 8. HP: 28/61 MP: 13/13
  3911 | D:4      | Found a burning altar of Makhleb.
  3963 | D:4      | Upgraded the game from 0.29-a0-775-g4d7333d4e2 to
                  | 0.29-a0-802-g34511f41fd
  4291 | D:5      | Entered Level 5 of the Dungeon
  5081 | D:6      | Reached skill level 8 in Short Blades
  5089 | D:6      | Noticed Menkaure
  5111 | D:6      | Killed Menkaure
  5489 | D:6      | Found an iron altar of Okawaru.
  5647 | D:6      | Found a staircase to the Ecumenical Temple.
  5734 | Temple   | Entered the Ecumenical Temple
  5863 | Temple   | Became a worshipper of Gozag Ym Sagoz the Greedy
  6013 | D:6      | Gained mutation: You have sharp fingernails. [demonic
                  | ancestry]
  6013 | D:6      | Reached XP level 9. HP: 66/66 MP: 14/14
  6289 | D:6      | Reached skill level 5 in Armour
  6659 | D:7      | Reached skill level 5 in Shields
  6914 | D:7      | Found a blossoming altar of Fedhas.
  6917 | D:7      | Found a stormy altar of Qazlal.
  8082 | D:7      | Found a shimmering altar of Xom.
  8097 | D:7      | Found a basalt altar of Yredelemnul.
  8976 | D:8      | Reached XP level 10. HP: 64/73 MP: 15/15
  9224 | D:8      | Reached skill level 5 in Fighting
  9404 | D:8      | Found Affigeem's Armour Shop.
  9529 | D:8      | Found a shadowy altar of Dithmenos.
  9861 | D:8      | Reached skill level 5 in Dodging
 10717 | D:9      | Found a sacrificial altar of Ru.
 11235 | D:9      | Found a staircase to the Orcish Mines.
 11364 | D:9      | Reached XP level 11. HP: 79/80 MP: 16/16
 11508 | Orc:1    | Entered Level 1 of the Orcish Mines
 11508 | Orc:1    | Noticed an orc knight
 11680 | D:9      | Found an ornate altar of the Wu Jian Council.
 12396 | D:10     | Entered Level 10 of the Dungeon
 12418 | D:10     | Found a staircase to the Lair.
 13008 | D:10     | Noticed Sonja
 13470 | D:10     | Noticed Maggie
 13522 | D:10     | Killed Maggie
 13977 | D:10     | Found a radiant altar of Vehumet.
 13997 | D:10     | Found an ancient bone altar of Kikubaaqudgha.
 14009 | D:10     | Found a shimmering blue altar of Sif Muna.
 14043 | D:10     | Got Sif Muna's Incunabulum of Creation
 14165 | D:10     | Killed Sonja
 14165 | D:10     | HP: 1/75 [poisoned by Sonja]
 14166 | D:10     | Succumbed to Sonja's poison

Illustrated notes

Levels and vault maps discovered:
D:1:      roderic_dead_forest, layout_loops_ring
D:2:      layout_loops_corners, corexii_leaking_fountain, serial_park_tiny_pond,
          uniq_terence
D:3:      layout_rooms, serial_shops, shop, fountainhead
D:4:      layout_loops_cross, tso_altar, lemuel_tele_altar,
          gammafunk_ghost_necromancy, chequers_jeans,
          chequers_serial_rivers_large_b, minmay_tree_intersection,
          nrook_campfire
D:5:      corexii_shack_village, layout_cave_pools
D:6:      layout_loops_ring, nicolae_overflow_hidden_temple, temple_doors_e,
          uniq_menkaure
D:7:      layout_gridville, grunt_temple_overflow_forces_of_nature,
          mainiacjoe_overflow_swirl, roderic_lattice_a, corexii_corridor_pit
D:8:      layout_gridville, nicolae_dithmenos_shadow_blocks, serial_shops, shop
D:9:      layout_roguey, nicolae_ru_awakened_eye,
          pdpol_wu_jian_five_deadly_venoms, zombieorc2_lemuel
D:10:     layout_loops_ring, palyth_temple_overflow_mages,
          erik_lair_orcish_takeover, serial_rivers,
          chequers_serial_rivers_small_3, chequers_serial_rivers_micro_a,
          chequers_serial_rivers_large_a, chequers_serial_rivers_room_a,
          chequers_serial_rivers_room_a, uniq_maggie, uniq_sonja
Temple:   hellmonk_temple_beads
Orc:1:    layout_caves, mines2_david

Skill      XL: |  1  2  3  4  5  6  7  8  9 10 11 |
---------------+----------------------------------+-----
Maces & Flails | 3 4 |  4.1
Armour         | 2 4 5 6 |  6.1
Ranged Weapons | 2 |  2.0
Shields        | 1 4 5 7 |  7.9
Short Blades   | 5 7 8 |  8.7
Dodging        | 3 4 5 |  5.5
Stealth        | 4 |  4.8
Invocations    | 5 7 |  7.5
Evocations     | 4 5 |  5.9
Fighting       | 4 5 |  5.9
Throwing       | |  1.2

Action                   |  1- 3 |  4- 6 |  7- 9 | 10-12 || total
-------------------------+-------+-------+-------+-------++-------
Melee: Mace              |    83 |    54 |       |       ||   137
       Quick blade       |       |    18 |   776 |   947 ||  1741
Throw: Dart              |       |       |    19 |       ||    19
  Use: Scroll            |     3 |     5 |     4 |     9 ||    21
       Potion            |     1 |     2 |     1 |     3 ||     7
 Stab: Sleeping          |       |       |     3 |     1 ||     4
       Distracted        |       |       |     1 |     5 ||     6
Armor: Scale mail        |    48 |    36 |   158 |   172 ||   414
Dodge: Dodged            |    28 |    19 |   130 |   172 ||   349
Block: Kite shield       |    27 |    51 |   362 |   481 ||   921
       Reflection        |       |       |    17 |    13 ||    30

Table legend: (Time is in decaauts)
 A = Elapsed time spent in this place.
 B = Non-inter-level travel time spent in this place.
 C = Inter-level travel time spent in this place.
 D = Time resting spent in this place.
 E = Time spent auto-exploring this place.
 F = Levels seen in this place.
 G = Mean time per level.
                   A        B        C        D        E       F      G
               +--------+--------+--------+--------+--------+-----+--------+
         Total |  13346 |  12963 |    383 |    274 |   8386 |  12 | 1112.2 |
       Dungeon |  13147 |  12832 |    315 |    274 |   8301 |  10 | 1314.7 |
        Temple |    177 |    109 |     68 |      0 |     85 |   1 |  177.0 |
  Orcish Mines |     22 |     22 |      0 |      0 |      0 |   1 |   22.0 |
               +--------+--------+--------+--------+--------+-----+--------+

Top non-repeatable levels by time:
     D:9: 1993 daAuts
     D:8: 1934 daAuts
     D:7: 1620 daAuts
     D:6: 1319 daAuts
    D:10: 1316 daAuts
     D:4: 1262 daAuts
     D:1: 1133 daAuts
     D:2: 1024 daAuts
     D:3: 865 daAuts
     D:5: 676 daAuts
  Temple: 177 daAuts
   Orc:1: 22 daAuts
